 Dungeon Crawl Stone Soup version 0.29-a0-542-g075992c915 (webtiles) character file.

Game seed: 10305831443544026477

341894 TittyCrusher the Impregnable (level 22, 207/234 HPs)
             Began as a Hill Orc Fighter on Oct 5, 2021.
             Was the Champion of Qazlal.
             Quit the game on level 3 of the Depths on June 4, 2022.
             The game lasted 01:52:05 (53714 turns).

TittyCrusher the Impregnable (Hill Orc Fighter)    Turns: 53714, Time: 01:52:06

Health: 207/234    AC: 29    Str: 27    XL:     22   Next: 35%
Magic:  32/32      EV: 18    Int:  9    God:    Qazlal [******]
Gold:   3046       SH:  8    Dex: 17    Spells: 21/21 levels left

rFire   + . .      SeeInvis .   b - +9 war axe "Newtslayer" {vamp, rPois rF+ rN+}
rCold   + . .      Faith    .   (no shield)
rNeg    + + .      Spirit   .   Z - +2 chain mail {rPois}
rPois   +          Reflect  .   i - +2 hat
rElec   .          Harm     .   u - +2 cloak
rCorr   .          Rampage  .   s - +1 pair of gloves
Will    ++++.      Clarity  +   m - +0 pair of boots
Stlth   ..........              Y - amulet of the Four Winds {rN+ Will+++ Clar}
HPRegen 0.49/turn               n - +6 ring of dexterity
MPRegen 0.23/turn               W - ring of protection from cold

@: repel missiles
A: deterioration 1, low MP 1, mutation resistance 1, robust 1
}: 1/15 runes: serpentine
a: Renounce Religion, Upheaval, Elemental Force, Disaster Area


You were on level 3 of the Depths.
You worshipped Qazlal.
Qazlal was exalted by your worship.
You visited 6 branches of the dungeon, and saw 34 of its levels.
You also visited: Ice Cave.

You collected 5861 gold pieces.
You spent 2815 gold pieces at shops.

Inventory:

Hand Weapons
 a - the +7 sceptre of Torment {pain, torment}
   (You found it on level 7 of the Dungeon)

   In the hands of one skilled in necromantic magic, it inflicts extra damage on
   living creatures.
   It occasionally torments all nearby living foes when it strikes in combat.
 b - the +9 war axe "Newtslayer" (weapon) {vamp, rPois rF+ rN+}
   (You found it on level 10 of the Dungeon)

   It occasionally heals its wielder for a portion of the damage dealt when it
   wounds a living foe.
   rF:        It protects you from fire.
   rPois:     It protects you from poison.
   rN:        It protects you from negative energy.
 G - the +1 whip "Siblyem" {antimagic, rF+ Int+3 Dex+2}
   (You found it on level 6 of the Dungeon)

   It reduces the magical energy of the wielder, and disrupts the spells and
   magical abilities of those it strikes.
   Natural abilities and divine invocations are not affected.
   Int:       It affects your intelligence (+3).
   Dex:       It affects your dexterity (+2).
   rF:        It protects you from fire.
 K - a +3 battleaxe of flaming
Missiles
 B - 3 throwing nets (quivered)
Armour
 i - a +2 hat (worn)
 m - a +0 pair of boots (worn)
 s - a +1 pair of gloves (worn)
 u - a +2 cloak (worn)
 Z - a +2 chain mail of poison resistance (worn)
Jewellery
 j - an amulet of reflection
 n - a +6 ring of dexterity (left hand)
 t - a ring of see invisible
 v - the amulet "Powot" {Reflect Slay+3 SH+5}
   (You found it on level 2 of the Vaults)

   [amulet of reflection]

   It reflects blocked missile attacks.
   Slay:      It affects your accuracy & damage with ranged weapons and melee
   (+3).
   SH:        It affects your SH (+5).
 w - a +6 ring of dexterity
 O - a ring of positive energy
 P - the ring "Neirat" {rF+ rC- Will+ Slay+2 Stlth+}
   (You found it on level 5 of the Dungeon)

   [ring of protection from fire]

   Slay:      It affects your accuracy & damage with ranged weapons and melee
   (+2).
   rF:        It protects you from fire.
   rC:        It makes you vulnerable to cold.
   Will:      It increases your willpower.
   Stlth:     It makes you more stealthy.
 W - a ring of protection from cold (right hand)
 Y - the amulet of the Four Winds (around neck) {rN+ Will+++ Clar}
   (You bought it in a shop on level 8 of the Dungeon)

   [amulet of nothing]

   rN:        It protects you from negative energy.
   Clar:      It protects you against confusion.
   Will:      It greatly increases your willpower.
Wands
 d - a wand of mindburst (37)
 C - a wand of digging (13)
 E - a wand of iceblast (71)
 I - a wand of acid (23)
 U - a wand of flame (34)
Scrolls
 c - 2 scrolls of holy word
 f - 4 scrolls of immolation
 g - 2 scrolls of brand weapon
 k - 3 scrolls of torment
 l - 4 scrolls of fear
 x - 4 scrolls of magic mapping
 y - 3 scrolls of blinking
 z - 6 scrolls of enchant weapon
 D - 17 scrolls of teleportation
 J - 5 scrolls of fog
 L - 3 scrolls of vulnerability
 M - 16 scrolls of identify
 N - 3 scrolls of silence
 R - 6 scrolls of amnesia
 V - 2 scrolls of summoning
Potions
 e - 3 potions of degeneration
 h - 8 potions of magic
 o - 6 potions of heal wounds
 p - 9 potions of brilliance
 q - 3 potions of invisibility
 r - 4 potions of haste
 A - 3 potions of resistance
 F - 8 potions of flight
 H - 3 potions of lignification
 Q - 3 potions of ambrosia
 S - 6 potions of attraction
 T - 2 potions of might
 X - 16 potions of curing


   Skills:
 + Level 21.4 Fighting
 - Level 21.9 Axes
 - Level 22.2 Armour
 - Level 15.9 Dodging
 - Level 3.5 Shields
 - Level 20.0 Invocations


You had 21 spell levels left.
You didn't know any spells.
Your spell library contained the following spells:

 Spells                   Type           Power      Damage    Failure   Level
 Animate Skeleton         Necr           0%         N/A       71%         1
 Apportation              Tloc           0%         N/A       71%         1
 Beastly Appendage        Tmut           0%         N/A       71%         1
 Freeze                   Ice            0%         1d3       71%         1
 Pain                     Necr           0%         1d4       71%         1
 Shock                    Conj/Air       0%         1d3       71%         1
 Slow                     Hex            0%         N/A       71%         1
 Summon Small Mammal      Summ           0%         N/A       71%         1
 Sublimation of Blood     Necr           0%         N/A       85%         2
 Wereblood                Tmut           0%         N/A       85%         2
 Call Canine Familiar     Summ           0%         N/A       97%         3
 Confusing Touch          Hex            0%         N/A       97%         3
 Conjure Flame            Conj/Fire      0%         6-21      97%         3
 Dazzling Flash           Conj/Hex       0%         N/A       97%         3
 Frozen Ramparts          Ice            0%         1d2       97%         3
 Gell's Gravitas          Tloc           0%         N/A       97%         3
 Ignite Poison            Fire/Tmut/Pois 0%         N/A       97%         3
 Mephitic Cloud           Conj/Pois/Air  0%         N/A       97%         3
 Summon Guardian Golem    Hex/Summ       0%         N/A       97%         3
 Swiftness                Air            0%         N/A       97%         3
 Teleport Other           Tloc           0%         N/A       97%         3
 Vampiric Draining        Necr           0%         2d6       97%         3
 Airstrike                Air            0%         N/A       100%        4
 Hailstorm                Conj/Ice       0%         3d3       100%        4
 Sticky Flame             Conj/Fire      0%         2d3       100%        4
 Agony                    Necr           0%         N/A       100%        5
 Alistair's Intoxication  Tmut/Pois      0%         N/A       100%        5
 Fireball                 Conj/Fire      0%         3d3       100%        5
 Freezing Cloud           Conj/Ice/Air   0%         6-21      100%        5
 Iskenderun's Battlesphe  Conj           0%         2d6       100%        5
 Silence                  Hex/Air        0%         N/A       100%        5
 Yara's Violent Unravell  Hex/Tmut       0%         3d3       100%        5
 Conjure Ball Lightning   Conj/Air       0%         3x3d6     100%        6
 Dispersal                Tloc           0%         N/A       100%        6
 Orb of Destruction       Conj           0%         9d5       100%        7
 Summon Hydra             Summ           0%         N/A       100%        7
 Borgnjor's Revivificati  Necr           0%         N/A       100%        8
 Disjunction              Tloc           0%         N/A       100%        8
 Necromutation            Tmut/Necr      0%         N/A       100%        8
 Chain Lightning          Conj/Air       0%         N/A       100%        9
 Death's Door             Necr           0%         N/A       100%        9
 Fire Storm               Conj/Fire      0%         5d1       100%        9
 Shatter                  Erth           0%         3d5*      100%        9


Dungeon Overview and Level Annotations

Branches:
Dungeon (15/15)            Temple (0/1) D:4            Lair (6/6) D:11
 Shoals (0/4) Lair:3        Snake (4/4) Lair:2        Slime (0/5) Lair:6
    Orc (2/2) D:10            Elf (0/3) Orc:2        Vaults (4/5) D:14
  Crypt (0/3) Vaults:3     Depths (3/4) D:15          IceCv (visited)

Altars:
Cheibriados
Fedhas
Hepliaklqana
Kikubaaqudgha
Nemelex Xobeh
Okawaru
Qazlal
Sif Muna
Vehumet
Xom
Yredelemnul
The Shining One
Beogh

Shops:
D:3 [   D:8 =   D:12 =!!?   Orc:2 (([?(*   Snake:2 ==:   Vaults:4 *

Portals:
Hell: Depths:1 Depths:2
Abyss: Depths:2
Pandemonium: Depths:1 Depths:2
Ziggurat: Depths:2

Annotations:
D:9 8 runed translucent doors, Dittersdorf's ghost, novice GrFi
Orc:1 1 transporter


Innate Abilities, Weirdness & Mutations

Your body sometimes deteriorates upon taking damage.
Your magical capacity is low. (-10% MP)
You are somewhat resistant to further mutation.
You are robust. (+10% HP)


Message History

Qazlal accepts your kill.
You hear a shout!
The forest fire spreads!
You feel your strength returning.
You slice the spriggan!!
You feel better.
The spriggan is almost dead.
You block the spriggan's attack.
The forest fire spreads! x2
You slice the spriggan!!
You feel better.
You kill the spriggan!
Qazlal accepts your kill.
You slash the spriggan! You block the spriggan's attack.
The forest fire spreads!
You miss the spriggan.
The spriggan is severely wounded.
The spriggan completely misses you.
You slice the spriggan!!
You feel better.
You kill the spriggan!
Qazlal accepts your kill.
The forest fire spreads! x2
The forest fire spreads!
Things that are here:
a +2 robe of fire resistance; a +0 rapier; a spriggan corpse You see here a deep troll corpse.
Items here: ))))))) [[ †††††††.
There is a stone staircase leading up here.
You start resting.
You hear a shout! x5
A spriggan rider comes into view. It is wielding a +0 spear. x2
Saving game... please wait.
Welcome back, TittyCrusher the Hill Orc Fighter.
Qazlal says: Let the forces of nature tear it all down!
Press ? for a list of commands and other information.
Unknown command.
Okay, then.
Okay, then.
Saving game... please wait.
Welcome back, TittyCrusher the Hill Orc Fighter.
Qazlal says: Let the forces of nature tear it all down!
Press ? for a list of commands and other information.
Are you sure you want to abandon this character and quit the game? (Confirm with "yes".)

♣♣♣ ♣°. ♣.♣♣♣♣♣♣
§...°
♣.♣♣.♣.♣♣♣°°°§°
♣.§§....i.°§§§§..
♣@°...♣♣♣☼☼°.♣°.^.
♣♣.[[♣♣♣.☼§○......
♣♣♣♣†i..°°°......
♣♣[......(....
♣♣.............
♣♣............#
♣.............#
♣.............#
♣........))?...#


You could see 2 spriggan riders.

Vanquished Creatures
  Mara (Vaults:3)
  Saint Roka (Orc:2)
  Vashnia (Snake:3)
  Xtahua (Vaults:1)
  2 golden dragons (Depths:2)
  3 tentacled monstrosities
  4 liches
  6 sphinxes
  Frances (Snake:2)
  3 ancient champions (Depths:1)
  A shadow dragon (Depths:2)
  3 tengu reavers
  A storm dragon (Depths:2)
  6 frost giants
  7 nagarajas (Snake:4)
  6 vault wardens
  An iron dragon (Depths:2)
  2 orc warlords
  A juggernaut zombie (D:15)
  A ghost moth (Vaults:3)
  Aizul (Snake:1)
  A reaper (D:15)
  20 ironbound preservers
  23 very ugly things
  8 stone giants
  2 vampire knights
  2 deep elf demonologists
  8 dire elephants
  2 entropy weavers
  4 spark wasps
  An ettin (shapeshifter) (Vaults:4)
  2 green deaths (Depths:1)
  3 deep elf death magi (Vaults:3)
  4 fire dragons
  18 yaktaur captains
  2 ettins
  A rakshasa (Depths:1)
  Fannar (Orc:1)
  A deep elf high priest (Vaults:3)
  6 ironbound thunderhulks
  An ice dragon (shapeshifter) (Vaults:3)
  3 great orbs of eyes
  A salamander tyrant (Snake:4)
  11 naga warriors
  7 hydras
  13 vault guards
  5 boulder beetles
  2 peacekeepers (Vaults:4)
  4 spriggan air magi
  20 centaur warriors
  An ogre mage (D:15)
  6 ironbound frosthearts
  3 ice dragons (Depths:2)
  3 catoblepae
  11 anacondas
  3 tengu warriors (D:15)
  12 death yaks
  8 two-headed ogres
  A vampire mage (D:15)
  11 naga sharpshooters
  8 shock serpents
  A spriggan berserker (Depths:2)
  An orc high priest (Orc:2)
  A goliath frog (shapeshifter) (Vaults:3)
  A flayed ghost (Vaults:1)
  3 spectral anacondas (Snake:2)
  12 skeletal warriors
  7 anaconda zombies (Snake:2)
  4 salamander mystics
  8 sea snakes
  A swamp dragon (Lair:6)
  56 deep trolls
  A glowing orange brain (Vaults:4)
  10 naga ritualists
  21 ironbound convokers
  16 wizards
  Pikel (D:7)
  5 anaconda skeletons (Snake:2)
  A harpy (Vaults:1)
  6 phantasmal warriors
  12 lindwurms
  3 necromancers
  3 orc sorcerers
  11 orc knights
  A fire giant zombie (D:15)
  3 deep elf pyromancers
  4 manticores
  A shadow dragon skeleton (Vaults:4)
  10 mana vipers
  49 ugly things
  A human skeleton (Vaults:2)
  5 cyclopes
  13 salamanders
  9 elephants
  A frost giant skeleton (D:15)
  20 vault sentinels
  A fire giant skeleton (D:15)
  15 naga magi
  A rust devil (Depths:2)
  39 black mambas
  5 guardian serpents
  A torpor snail (Lair:4)
  A gargoyle (D:10)
  15 cane toads
  4 rime drakes
  Psyche (D:9)
  A kobold demonologist (D:10)
  A yaktaur (shapeshifter) (D:15)
  A freezing wraith (Vaults:3)
  6 anaconda simulacra (Snake:2)
  10 komodo dragons
  An entropy weaver simulacrum (IceCv)
  23 yaktaurs
  9 trolls
  A jumping spider (Vaults:1)
  4 meliai (D:13)
  3 hornets
  11 polar bears
  A raiju (shapeshifter) (D:14)
  2 raiju (Lair:6)
  An ettin zombie (Vaults:4)
  39 slime creatures
  A meliai zombie (D:10)
  15 blink frogs
  A fire giant simulacrum (Vaults:4)
  A human simulacrum (Vaults:2)
  9 dream sheep
  2 centaur simulacra
  A redback (shapeshifter) (Depths:2)
  8 spriggans (Depths:3)
  3 wraiths (D:12)
  2 ettin skeletons (Vaults:2)
  A redback (Vaults:1)
  A water elemental (Depths:1)
  2 wyverns
  31 yaks
  A vampire (D:10)
  A basilisk (shapeshifter) (D:15)
  9 vampire mosquitoes
  7 basilisks
  8 wargs
  5 steam dragons
  2 elf skeletons
  Menkaure (D:6)
  6 acid dragons
  43 nagas
  13 hell hounds (Lair:6)
  11 water moccasins
  14 black bears
  A sky beast (D:7)
  37 orc warriors
  An ettin simulacrum (Vaults:4)
  13 ogres
  3 swamp drakes (Lair:6)
  2 necrophages
  An ugly thing simulacrum (IceCv)
  13 centaurs
  29 wolves
  A lemure (D:7)
  A phantom (D:6)
  3 kobold brigands
  16 bullfrogs
  3 gnoll sergeants
  A wyvern zombie (D:7)
  4 scorpions
  22 killer bees
  7 electric eels
  5 wights (D:8)
  6 howler monkeys
  A lava snake (D:11)
  2 bullfrog zombies
  3 centaur zombies
  Crazy Yiuf (D:7)
  7 jellies
  A centaur skeleton (D:4)
  6 hounds
  19 orc priests
  2 bullfrog skeletons (D:6)
  A gnoll shaman (D:4)
  4 iguanas (Lair:6)
  7 hell rats (Lair:3)
  25 orc wizards
  A killer bee zombie (D:7)
  A hound skeleton (D:4)
  A howler monkey zombie (D:11)
  A howler monkey skeleton (D:5)
  20 gnolls
  9 adders
  16 white imps
  A worm (Depths:2)
  2 dart slugs (D:4)
  The ghost of lawman0 the Sneak, a weakling DEDe (D:5)
  97 orcs
  7 endoplasms
  8 goblins
  10 hobgoblins
  32 kobolds
  4 quokkas
  3 ball pythons (D:1)
  5 bats
  3 frilled lizards (D:2)
  7 rats
1471 creatures vanquished.

Vanquished Creatures (collateral kills)
  A naga (Snake:1)
1 creature vanquished.

Vanquished Creatures (others)
  A green death (Depths:1)
  A wizard (D:14)
  A komodo dragon (Lair:6)
  3 hornets (Depths:3)
  3 spriggans (Depths:3)
  A naga (Snake:4)
  An orc wizard (Orc:1)
  35 fungi
  86 plants
  5 toadstools (D:2)
  4 withered plants (D:15)
141 creatures vanquished.

Grand Total: 1613 creatures vanquished

Notes
Turn   | Place    | Note
-------+----------+-------------------------------------------
     0 | D:1      | TittyCrusher the Hill Orc Fighter began the quest for the
                  | Orb.
     0 | D:1      | Reached XP level 1. HP: 19/19 MP: 1/1
   195 | D:1      | Reached XP level 2. HP: 21/27 MP: 2/2
  1266 | D:1      | Reached XP level 3. HP: 28/33 MP: 3/3
  1652 | D:2      | Found a faded altar of an unknown god.
  2459 | D:3      | Found a sparkling altar of Nemelex Xobeh.
  2459 | D:3      | Found a stormy altar of Qazlal.
  2538 | D:3      | Reached skill level 5 in Axes
  2538 | D:3      | Reached XP level 4. HP: 36/37 MP: 4/4
  2692 | D:3      | Became a worshipper of Qazlal Stormbringer
  2787 | D:3      | Found Seluth's Armour Shop.
  2802 | D:3      | Bought a +0 pair of gloves for 49 gold pieces
  3253 | D:4      | Reached XP level 5. HP: 42/46 MP: 5/5
  3392 | D:4      | Reached XP level 6. HP: 35/52 MP: 6/6
  3793 | D:4      | Found a staircase to the Ecumenical Temple.
  4045 | D:5      | Entered Level 5 of the Dungeon
  4053 | D:5      | Reached * piety under Qazlal
  4060 | D:5      | Noticed a necrophage
  4068 | D:5      | Reached XP level 7. HP: 50/58 MP: 7/7
  4072 | D:5      | Reached skill level 10 in Axes
  4290 | D:4      | Reached XP level 8. HP: 62/66 MP: 8/8
  4357 | D:5      | Found a snail-covered altar of Cheibriados.
  4709 | D:5      | Noticed a wyvern
  4718 | D:5      | Killed a wyvern
  4926 | D:5      | Identified the ring "Neirat" {rF+ rC- Will+ Slay+2 Stlth+}
  4993 | D:5      | Noticed lawman0's ghost (weakling DEDe)
  4994 | D:5      | Found a transporter.
  5157 | D:5      | Found a transporter.
  5274 | D:6      | Found a blossoming altar of Fedhas.
  5287 | D:6      | Noticed Menkaure
  5301 | D:6      | Killed Menkaure
  5374 | D:6      | Reached XP level 9. HP: 71/71 MP: 9/9
  5387 | D:6      | Reached ** piety under Qazlal
  5414 | D:6      | Identified the +1 whip "Siblyem" {antimagic, rF+ Int+3
                  | Dex+2}
  5809 | D:6      | Reached skill level 15 in Axes
  6277 | D:7      | Found a runed translucent door.
  6278 | D:7      | Noticed Crazy Yiuf
  6279 | D:7      | Identified the +3 mace "Haekhem" {holy, rN+}
  6280 | D:7      | Found the +7 sceptre of Torment {pain, torment}
  6284 | D:7      | Killed Crazy Yiuf
  6736 | D:7      | Noticed Pikel
  6747 | D:7      | Killed Pikel
  6748 | D:7      | Reached XP level 10. HP: 55/78 MP: 10/10
  6873 | D:7      | Found a basalt altar of Yredelemnul.
  6952 | D:8      | Found Qugump's Jewellery Shop.
  7056 | D:8      | Reached *** piety under Qazlal
  7232 | D:8      | Found a shimmering blue altar of Sif Muna.
  7232 | D:8      | Found a glowing golden altar of the Shining One.
  7233 | D:8      | Found a hazy altar of Hepliaklqana.
  7982 | D:8      | Found a roughly hewn altar of Beogh.
  8655 | D:9      | Paralysed by a hornet for 3 turns
  8687 | D:8      | Reached XP level 11. HP: 60/85 MP: 11/11
  8837 | D:9      | Reached skill level 4 in Armour
  9121 | D:9      | Found a large runed translucent door.
  9121 | D:9      | Found a large runed translucent door.
  9122 | D:9      | Found a large runed translucent door.
  9122 | D:9      | Found a large runed translucent door.
  9122 | D:9      | Noticed a vault warden
  9123 | D:9      | Found a large runed translucent door.
  9123 | D:9      | Found a large runed translucent door.
  9123 | D:9      | Noticed a vault warden
  9123 | D:9      | Noticed Dittersdorf's ghost (novice GrFi)
  9124 | D:9      | Found a large runed translucent door.
  9124 | D:9      | Found a large runed translucent door.
  9125 | D:9      | Noticed Psyche
  9130 | D:9      | Reached skill level 5 in Armour
  9136 | D:9      | Killed Psyche
  9622 | D:10     | Entered Level 10 of the Dungeon
  9686 | D:10     | Reached skill level 6 in Armour
  9794 | D:5      | Reached **** piety under Qazlal
  9796 | D:5      | Killed lawman0's ghost
 10195 | D:10     | Reached skill level 7 in Armour
 10480 | D:11     | Reached XP level 12. HP: 42/92 MP: 12/12
 10481 | D:11     | Noticed an eight-headed hydra
 10797 | D:10     | Noticed a centaur warrior
 10807 | D:10     | Killed a centaur warrior
 11191 | D:10     | Identified the +9 war axe "Newtslayer" {vamp, rPois rF+
                  | rN+}
 11266 | D:10     | Reached skill level 5 in Invocations
 11305 | D:10     | Found a staircase to the Orcish Mines.
 11914 | D:11     | Found a staircase to the Lair.
 11924 | D:11     | Noticed a two-headed ogre
 11931 | D:11     | Killed a two-headed ogre
 12118 | D:11     | Killed an eight-headed hydra
 12606 | D:11     | Noticed a two-headed ogre
 12612 | D:11     | Killed a two-headed ogre
 12993 | Lair:1   | Entered Level 1 of the Lair of Beasts
 13272 | Lair:1   | Reached ***** piety under Qazlal
 13280 | Lair:1   | Reached skill level 10 in Invocations
 14495 | Lair:2   | Noticed a five-headed hydra
 14501 | Lair:2   | Killed a five-headed hydra
 15080 | Lair:2   | Found a staircase to the Snake Pit.
 15256 | Lair:3   | Noticed a death yak
 15257 | Lair:3   | Noticed a death yak
 15258 | Lair:3   | Noticed a death yak
 15259 | Lair:3   | Noticed a death yak
 15261 | Lair:3   | Noticed a death yak
 15263 | Lair:3   | Noticed a death yak
 15265 | Lair:3   | Reached XP level 13. HP: 93/99 MP: 22/22
 15281 | Lair:3   | Reached skill level 15 in Invocations
 15382 | Lair:3   | Found a staircase to the Shoals.
 16284 | Lair:3   | You fall into a shaft and drop 3 floors!
 16284 | Lair:6   | Entered Level 6 of the Lair of Beasts
 16309 | Lair:6   | Reached XP level 14. HP: 92/105 MP: 21/27
 16605 | Lair:5   | Found a frozen archway.
 16649 | IceCv    | Entered an ice cave
 16658 | IceCv    | Noticed a quicksilver ooze
 18060 | Lair:4   | Reached skill level 5 in Fighting
 19457 | Lair:6   | Found a staircase to the Slime Pits.
 19474 | Lair:6   | Reached ****** piety under Qazlal
 19653 | Lair:6   | Reached skill level 10 in Fighting
 20211 | Lair:6   | Reached XP level 15. HP: 117/132 MP: 29/29
 20245 | Lair:6   | Identified the +6 war axe of Thoughtfulness {vorpal, rPois
                  | rF- rN++ Dex+2}
 21161 | Orc:1    | Entered Level 1 of the Orcish Mines
 21334 | Orc:2    | Entered Level 2 of the Orcish Mines
 21334 | Orc:2    | Found a staircase to the Elven Halls.
 21401 | Orc:1    | Noticed Fannar
 21423 | Orc:1    | Killed Fannar
 21616 | Orc:1    | Found a transporter.
 21837 | D:8      | Bought the amulet of the Four Winds {rN+ Will+++ Clar} for
                  | 614 gold pieces
 21837 | D:8      | Found the amulet of the Four Winds {rN+ Will+++ Clar}
 22185 | Orc:2    | Found a radiant altar of Vehumet.
 22392 | Orc:2    | Found a roughly hewn altar of Beogh.
 22393 | Orc:2    | Found Tofili's Magic Scroll Shop.
 22424 | Orc:2    | Found Totzot's Gadget Gallery.
 22438 | Orc:2    | Found a roughly hewn altar of Beogh.
 22449 | Orc:2    | Found Xiubrywu's Antique Weapon Shop.
 22566 | Orc:2    | Noticed Saint Roka
 22833 | Orc:2    | Killed Saint Roka
 23108 | Orc:2    | Reached skill level 15 in Fighting
 23161 | Orc:2    | Found a roughly hewn altar of Beogh.
 23161 | Orc:2    | Found Cahifa's Antique Weapon Boutique.
 23167 | Orc:2    | Found Vegewn's Antique Armour Shop.
 23172 | Orc:2    | Bought a distressingly furry chain mail for 209 gold pieces
 23172 | Orc:2    | Identified the +1 chain mail of Undesirable Species {rF+}
                  | (You bought it in a shop on level 2 of the Orcish Mines)
 23184 | Orc:2    | Bought a glowing chain mail for 165 gold pieces
 23283 | Orc:2    | Found a roughly hewn altar of Beogh.
 23315 | Orc:2    | Found Lumol's Antique Weapon Emporium.
 23342 | Orc:2    | Found a roughly hewn altar of Beogh.
 23416 | Orc:2    | Found a roughly hewn altar of Beogh.
 23631 | D:12     | Reached skill level 8 in Armour
 23800 | D:12     | Reached skill level 9 in Armour
 23924 | D:12     | Found Acvorrup's Distillery.
 23933 | D:12     | Bought a potion of might for 52 gold pieces
 23933 | D:12     | Bought a potion of might for 52 gold pieces
 23933 | D:12     | Bought a potion of heal wounds for 65 gold pieces
 23940 | D:12     | Gained mutation: You have a pair of small horns on your
                  | head. [potion of mutation]
 23949 | D:12     | Found Fubrikk's Magic Scroll Emporium.
 23957 | D:12     | Bought a scroll of teleportation for 48 gold pieces
 23957 | D:12     | Bought a scroll of teleportation for 48 gold pieces
 23957 | D:12     | Bought a scroll of blinking for 120 gold pieces
 23957 | D:12     | Bought a scroll of teleportation for 48 gold pieces
 23997 | D:12     | Found Faitepsideb's Distillery.
 24001 | D:12     | Bought a potion of haste for 140 gold pieces
 24001 | D:12     | Bought a potion of heal wounds for 70 gold pieces
 24001 | D:12     | Bought a potion of haste for 140 gold pieces
 24007 | D:12     | Found Jizom's Jewellery Emporium.
 24394 | D:13     | Reached skill level 10 in Armour
 24755 | D:13     | Reached skill level 11 in Armour
 24792 | D:13     | Reached XP level 16. HP: 117/149 MP: 30/30
 25467 | D:13     | Identified the +0 robe of Infinity {Contam +Blink Will+
                  | Int+3}
 25507 | D:14     | Reached skill level 12 in Armour
 25565 | D:14     | Reached skill level 13 in Armour
 26665 | D:14     | Found a gate to the Vaults.
 27002 | D:15     | Entered Level 15 of the Dungeon
 27335 | D:15     | Reached skill level 1 in Dodging
 27769 | D:15     | Found a staircase to the Depths.
 29056 | D:15     | Upgraded the game from 0.28-a0-612-gcfc00ec14d to
                  | 0.28-a0-724-g66f9036eb4
 29246 | Snake:1  | Entered Level 1 of the Snake Pit
 29463 | Snake:1  | Reached skill level 5 in Dodging
 29565 | Snake:1  | Noticed Aizul
 29601 | Snake:1  | Killed Aizul
 30385 | Snake:1  | Found a shimmering altar of Xom.
 30929 | Snake:2  | Noticed Frances
 31229 | Snake:2  | Killed Frances
 31280 | Snake:2  | Reached XP level 17. HP: 152/156 MP: 31/31
 32920 | Snake:2  | Found Oheqitt's Book Shoppe.
 32920 | Snake:2  | Found Huits's Jewellery Boutique.
 32921 | Snake:2  | Found Zisor's Jewellery Boutique.
 33164 | Snake:3  | Reached skill level 10 in Dodging
 33618 | Snake:2  | Bought an amulet of reflection for 570 gold pieces
 33809 | Snake:3  | Noticed Vashnia
 34261 | Snake:3  | Killed Vashnia
 34960 | Snake:4  | Entered Level 4 of the Snake Pit
 35309 | Snake:4  | Reached XP level 18. HP: 163/163 MP: 1/32
 35850 | Snake:4  | Got a serpentine rune of Zot
 36798 | Snake:3  | Lost mutation: You have a pair of small horns on your head.
                  | [potion of mutation]
 36798 | Snake:3  | Gained mutation: Armour fits poorly on your strangely
                  | shaped body. [potion of mutation]
 36798 | Snake:3  | Gained mutation: You occasionally shout uncontrollably at
                  | your foes. [potion of mutation]
 36798 | Snake:3  | Gained mutation: You are robust. (+10% HP) [potion of
                  | mutation]
 36844 | Snake:1  | Lost mutation: You occasionally shout uncontrollably at
                  | your foes. [potion of mutation]
 36844 | Snake:1  | Lost mutation: Armour fits poorly on your strangely shaped
                  | body. [potion of mutation]
 36844 | Snake:1  | Gained mutation: Your body sometimes deteriorates upon
                  | taking damage. [potion of mutation]
 36844 | Snake:1  | Gained mutation: You are somewhat resistant to further
                  | mutation. [potion of mutation]
 36844 | Snake:1  | Gained mutation: Your magical capacity is low. (-10% MP)
                  | [potion of mutation]
 37058 | Depths:1 | Entered Level 1 of the Depths
 37123 | Depths:1 | Paralysed by a great orb of eyes for 5 turns
 37634 | Depths:1 | Noticed a lich
 37652 | Depths:1 | Killed a lich
 38102 | Depths:1 | Noticed a lich
 38587 | Vaults:1 | Entered Level 1 of the Vaults
 38792 | Vaults:1 | Reached skill level 15 in Dodging
 39141 | D:12     | Bought a ring of protection from cold for 425 gold pieces
 39267 | Vaults:1 | Reached XP level 19. HP: 150/187 MP: 24/29
 39365 | Vaults:1 | Reached skill level 14 in Armour
 40045 | Vaults:1 | Reached skill level 15 in Armour
 40246 | Vaults:1 | Noticed an Ice Fiend
 40325 | Vaults:1 | Reached skill level 16 in Armour
 41212 | Vaults:2 | Noticed Xtahua
 41248 | Vaults:2 | Reached skill level 17 in Armour
 41258 | Vaults:1 | Killed Xtahua
 42124 | Vaults:2 | Reached skill level 18 in Armour
 42335 | Vaults:2 | You fall into a shaft and drop 1 floor!
 42357 | Vaults:3 | Reached XP level 20. HP: 195/195 MP: 30/30
 42776 | Vaults:3 | Found a staircase to the Crypt.
 42776 | Vaults:3 | Found an ancient bone altar of Kikubaaqudgha.
 42776 | Vaults:3 | Found a basalt altar of Yredelemnul.
 42846 | Vaults:3 | Reached skill level 19 in Armour
 43514 | Vaults:2 | You fall into a shaft and drop 1 floor!
 43624 | Vaults:2 | Identified the amulet "Powot" {Reflect Slay+3 SH+5}
 43698 | Vaults:2 | Reached skill level 20 in Armour
 44760 | Vaults:3 | Reached skill level 21 in Armour
 45077 | Vaults:3 | Identified the +7 flail "Trog's Vengeance" {flame, Str+2
                  | Dex+4}
 45146 | Vaults:3 | Reached XP level 21. HP: 120/202 MP: 13/31
 45393 | Vaults:3 | Reached skill level 22 in Armour
 45608 | Vaults:3 | Got the Disquisition on Poisonous Transformation
 46788 | Vaults:4 | Found Ysealit's General Store.
 46788 | Vaults:4 | Noticed Mara
 46809 | Vaults:4 | Noticed TittyCrusher's illusion
 46981 | Vaults:4 | Noticed TittyCrusher's illusion
 47095 | Vaults:4 | Noticed TittyCrusher's illusion
 47212 | Vaults:4 | Noticed TittyCrusher's illusion
 47418 | Vaults:4 | Identified the +2 robe of the Morning {+Blink rN++ Int-3}
 48367 | Vaults:4 | Noticed TittyCrusher's illusion
 48837 | Vaults:4 | Noticed TittyCrusher's illusion
 48949 | Vaults:4 | Noticed TittyCrusher's illusion
 49088 | Vaults:4 | Noticed TittyCrusher's illusion
 49116 | Vaults:3 | Noticed TittyCrusher's illusion
 49152 | Vaults:3 | Killed Mara
 50260 | Depths:1 | Identified the +0 robe of the Turtledove {Str+3 Int+3}
 50335 | Depths:1 | Found an iron altar of Okawaru.
 50607 | Depths:2 | Reached XP level 22. HP: 135/227 MP: 32/32
 50921 | Depths:1 | Found a one-way gate leading to the halls of Pandemonium.
 50981 | Depths:1 | Found a gateway to Hell.
 51516 | Depths:2 | Noticed a golden dragon
 51522 | Depths:2 | Noticed a golden dragon
 51529 | Depths:2 | Killed a golden dragon
 51532 | Depths:2 | Killed a golden dragon
 52360 | Depths:2 | Found a gateway to a ziggurat.
 52402 | Depths:2 | Found a one-way gate to the infinite horrors of the Abyss.
 52845 | Depths:2 | Found a snail-covered altar of Cheibriados.
 53714 | Depths:3 | Upgraded the game from 0.28-a0-724-g66f9036eb4 to
                  | 0.29-a0-337-g68df138881
 53714 | Depths:3 | Upgraded the game from 0.29-a0-337-g68df138881 to
                  | 0.29-a0-542-g075992c915
 53714 | Depths:3 | Quit the game

Illustrated notes

Levels and vault maps discovered:
D:1:      sevenhm_arrival_forest_fort_large_4, layout_loops_ring,
          minmay_pentomino_p4
D:2:      layout_basic, shapermc_ecumenical_altar_starsandcircs,
          minmay_gold_behind_fungi, hex_large
D:3:      layout_basic, mainiacjoe_overflow_large_starburst, serial_shops, shop,
          serial_glass, glass_columns_c, glass_columns_b
D:4:      layout_gridville, minmay_temple_entry_butterflies, serial_glass,
          glass_columns_b, glass_columns_b
D:5:      layout_rooms, nicolae_overflow_crystal_walls, gammafunk_ghost_hive
D:6:      layout_basic, fedhas_altar_1, uniq_menkaure
D:7:      layout_rooms, lemuel_zombie_altar_yredelemnul, lightli_orcish_oven,
          uniq_pikel, uniq_crazy_yiuf_cottage
D:8:      layout_basic, gammafunk_temple_overflow_forgotten, special_room
          [special_room_orc], serial_shops, nicolae_stop_n_shop_2,
          small_chamber_with_monster
D:9:      layout_big_octagon, advil_vaults_ghost_lines,
          kennysheep_generic_room_3, uniq_psyche
D:10:     layout_loops_ring, david_orc_4, hangedman_abyss_or_decor_stabs,
          kennysheep_generic_room_8
D:11:     layout_basic, lair_entry_dummy, kennysheep_small_spiral
D:12:     layout_rooms, serial_shops, kennysheep_mini, shop, nicolae_shop_stone,
          shop, minmay_between
D:13:     four-leaf_vault, layout_irregular_city,
          minmay_fractal_squares_gapless_5
D:14:     layout_basic, lightli_vaults_fourway_checkpoint
D:15:     gammafunk_depths_entry_grave, layout_layer_cave, evilmike_butchery
Lair:1:   layout_cave_pods, small_statue_intersection, grunt_megastairs_4,
          infiniplex_staircase_pool, lemuel_fruit_tree
Lair:2:   layout_misc_corridors, minmay_snake_entry_guardpost_medium
Lair:3:   layout_chaotic_city, elwin_shoals_entry_rocks, nzn_random_ring
Lair:4:   layout_loops_ring, serial_bayou_lagoon_a, minmay_holes,
          beast_lair_carwin_11
Lair:5:   layout_cave_pods, portal_ice_cave_entry_imps
Lair:6:   hangedman_lair_caniforms_friends, layout_loops_ring,
          guppyfry_lair_end_dragon, minmay_slime_entry_pillars
Snake:1:  layout_cave_pods, basic_altar, serial_bayou_lagoon_b,
          serial_bayou_shore_a, uniq_aizul
Snake:2:  layout_chambers, nicolae_snake_dead_anacondas, minmay_shop_grove,
          uniq_frances
Snake:3:  minmay_snake_river, layout_cave_shapes,
          nicolae_snake_gridmaze_squiggle, uniq_vashnia
Snake:4:  johnstein_snake_rune_scales, layout_onion_interference,
          grunt_ministairs_1, uniq_saint_roka
Orc:1:    emtedronai_trogs_sanctum, layout_caves, nicolae_orc_crystal_geode,
          uniq_fannar
Orc:2:    grunt_orc_community_town_hall, layout_caves,
          grunt_orc_community_big_house_1, grunt_orc_community_big_house_1,
          grunt_orc_community_house_1, grunt_orc_community_house_2,
          grunt_orc_community_house_1, grunt_orc_community_house_2,
          grunt_orc_community_house_1, grunt_orc_community_house_1, basic_altar,
          serial_shops, shop, nicolae_shop_gadgets
Vaults:1: st_quartered_hall, nicolae_vaults_gold_heap, ontoclasm_vaults_tryst,
          v_misc_23, v_alt_pattern_2, v_misc_33, v_pattern_5,
          ontoclasm_vaults_chip, nicolae_vaults_bisected_slash,
          grunt_vaults_twisty, vaults_room_stairs_pillars, v_misc_29,
          hangedman_vaults_impose, grunt_vaults_focal, v_misc_16,
          layout_vaults_ring
Vaults:2: nicolae_vaults_puzzle_piece, nicolae_vaults_little_squares_4,
          nicolae_vaults_display_case, ontoclasm_vaults_idyll,
          vaults_dpeg_cross, nicolae_vaults_little_squares_5, v_misc_30,
          nicolae_vaults_mini_display_case, nicolae_vaults_little_squares_6,
          layout_vaults_omnigrid, uniq_xtahua
Vaults:3: minmay_crypt_entry_necro_gods, st_greater_box_3, v_misc_1,
          hangedman_vaults_corner_blocks, v_misc_15, vaults_room_door_ring,
          vaults_room_door_hall, nicolae_vaults_what_the_h, v_misc_3,
          vaults_mumra_hexcomb, layout_vaults_big_cross
Vaults:4: nicolae_vaults_ninety_degrees, vaults_room_pools,
          hangedman_vaults_nails, hangedman_vaults_unwind,
          nicolae_vaults_asterisk, dpeg_vaults_monster_row,
          nicolae_vaults_network_s, nicolae_vaults_little_squares_5,
          ontoclasm_vaults_fault, hangedman_vaults_capsules, st_smaller_cells,
          nicolae_vaults_theta, vaults_mumra_lcd, ontoclasm_vaults_hangar,
          nicolae_vaults_angled_halls, layout_vaults_omnibox, serial_shops,
          nicolae_shop_window_shopping, uniq_mara
Depths:1: cheibrodos_poisonous_passages, layout_cave_pools,
          pf_hell_entry_great_geh, rand_demon_pan_entry_8,
          minmay_misc_feat_cross, minmay_misc_feat_ornament,
          okawaru_altar_gauntlet_db
Depths:2: minmay_sliced_demisemicircle, layout_basic, enter_ziggurat_f,
          abyss_entry, chequers_jeans, grunt_hell_entry_dis_old,
          grunt_pan_entry_sceptre, chei_slow_surprise,
          infiniplex_staircase_zigzag_3
Depths:3: spriggan_forest, hell_entry, abyss_entry, uniq_enchantress

Skill      XL: |  1  2  3  4  5  6  7  8  9 10 11 12 13 14 15 16 17 18 19 20 21 22 |
---------------+-------------------------------------------------------------------+-----
Axes           | 3 5 6 7 9 11 14 17 21 | 21.9
Fighting       | 4 11 15 19 21 | 21.4
Armour         | 7 11 13 18 21 22 | 22.2
Invocations    | 13 18 20 | 20.0
Dodging        | 7 12 15 | 15.9
Shields        | |  3.5

Action                   |  1- 3 |  4- 6 |  7- 9 | 10-12 | 13-15 | 16-18 | 19-21 | 22-24 || total
-------------------------+-------+-------+-------+-------+-------+-------+-------+-------++-------
Melee: War axe           |    95 |   103 |    52 |   147 |   958 |   937 |   919 |   105 ||  3316
       Broad axe         |       |       |   152 |    77 |       |       |       |       ||   229
       Battleaxe         |       |       |       |   203 |    38 |   219 |    64 |    35 ||   559
       Eveningstar       |       |       |       |     2 |     7 |       |   382 |    63 ||   454
       Headbutt          |       |       |       |       |    36 |   293 |       |       ||   329
       Whip              |       |       |       |       |       |       |    92 |       ||    92
Invok: Disaster Area     |       |       |       |       |     5 |     1 |     3 |       ||     9
       Upheaval          |       |       |       |       |       |     6 |     2 |     3 ||    11
       Elemental Force   |       |       |       |       |       |     1 |       |       ||     1
Evoke: Wand              |       |       |       |     1 |       |     1 |       |     4 ||     6
  Use: Potion            |       |     1 |     2 |     9 |     5 |     7 |     3 |       ||    27
       Scroll            |       |       |       |    22 |    10 |     2 |       |       ||    34
 Stab: Invisible         |       |       |       |       |    20 |       |       |       ||    20
       Confused          |       |       |       |       |     1 |       |       |       ||     1
       Paralysed         |       |       |       |       |       |     1 |       |       ||     1
Armor: Scale mail        |    50 |    55 |    56 |   159 |   279 |       |       |       ||   599
       Chain mail        |       |       |       |       |   140 |   391 |   640 |    93 ||  1264
Dodge: Dodged            |    46 |    39 |    70 |   177 |   326 |   521 |   846 |   103 ||  2128
       Repelled          |       |       |       |     1 |     9 |    39 |     9 |     7 ||    65
Block: Buckler           |    19 |    24 |    77 |    39 |       |       |       |       ||   159
       Other             |       |       |       |    86 |   286 |   452 |   472 |    60 ||  1356
       Reflection        |       |       |       |       |       |    37 |       |       ||    37

Table legend: (Time is in decaauts)
 A = Elapsed time spent in this place.
 B = Non-inter-level travel time spent in this place.
 C = Inter-level travel time spent in this place.
 D = Time resting spent in this place.
 E = Time spent auto-exploring this place.
 F = Levels seen in this place.
 G = Mean time per level.
                   A        B        C        D        E       F      G
               +--------+--------+--------+--------+--------+-----+--------+
         Total |  52626 |  49234 |   3392 |  10997 |  29833 |  35 | 1503.6 |
       Dungeon |  20715 |  19103 |   1612 |   5078 |  11460 |  15 | 1381.0 |
          Lair |   8474 |   8076 |    398 |   1076 |   5854 |   6 | 1412.3 |
     Snake Pit |   7009 |   6590 |    419 |   1308 |   4023 |   4 | 1752.2 |
  Orcish Mines |   2107 |   1990 |    117 |    450 |   1015 |   2 | 1053.5 |
        Vaults |  10254 |   9554 |    700 |   2166 |   5209 |   4 | 2563.5 |
        Depths |   4047 |   3902 |    145 |    917 |   2271 |   3 | 1349.0 |
      Ice Cave |     18 |     18 |      0 |      0 |      0 |   1 |   18.0 |
               +--------+--------+--------+--------+--------+-----+--------+

Top non-repeatable levels by time:
Vaults:3: 3365 daAuts
    D:15: 3339 daAuts
Vaults:1: 2772 daAuts
Depths:2: 2492 daAuts
Vaults:4: 2425 daAuts
 Snake:2: 2253 daAuts
    D:14: 2022 daAuts
  Lair:6: 1722 daAuts
    D:10: 1704 daAuts
Vaults:2: 1690 daAuts
 Snake:1: 1680 daAuts
     D:9: 1671 daAuts
 Snake:4: 1594 daAuts
     D:1: 1532 daAuts
  Lair:2: 1503 daAuts
